 Dungeon Crawl Stone Soup version 0.29-a0-234-g0dae59b3db (webtiles) character file.

Game seed: 10787566791168108385

39 Aksej the Skirmisher (level 3, -5/27 HPs)
             Began as a Demonspawn Monk on Mar 2, 2022.
             Killed from afar by Natasha (6 damage)
             ... with a magic dart
             ... on level 2 of the Dungeon.
             The game lasted 00:02:16 (1392 turns).

Aksej the Skirmisher (Demonspawn Monk)              Turns: 1392, Time: 00:02:17

Health: -5/27      AC:  5    Str: 13    XL:     3   Next: 28%
Magic:  3/3        EV: 13    Int: 11    God:
Gold:   41         SH:  0    Dex: 15    Spells: 2/2 levels left

rFire   . . .      SeeInvis .   a - +1 mace
rCold   . . .      Faith    .   (no shield)
rNeg    . . .      Spirit   .   b - +1 robe
rPois   .          Reflect  .   (no helmet)
rElec   .          Harm     .   (no cloak)
rCorr   .          Rampage  .   (no gloves)
Will    .....                   (no boots)
Stlth   ++........              (no amulet)
HPRegen 0.09/turn               (no ring)
MPRegen 0.08/turn               (no ring)

@: no status effects
A: molten scales 1, powered by pain 1, frail 1, evolution 1
a: no special abilities


You were on level 2 of the Dungeon.
You visited 1 branch of the dungeon, and saw 2 of its levels.

You collected 41 gold pieces.

Inventory:

Hand Weapons
 a - a +1 mace (weapon)
Armour
 b - a +1 robe (worn)
Potions
 c - a potion of curing {unknown}


   Skills:
 * Level 3.7 Fighting
 + Level 3.1 Maces & Flails
 + Level 3.0 Dodging
 + Level 2.0 Stealth


You had 2 spell levels left.
You didn't know any spells.
Your spell library contained the following spells:

 Spells                   Type           Power      Damage    Failure   Level
 Ensorcelled Hibernation  Hex/Ice        0%         N/A       47%         2
 Spider Form              Tmut/Pois      0%         N/A       71%         3
 Anguish                  Hex/Necr       0%         N/A       98%         4


Dungeon Overview and Level Annotations

Branches:
Dungeon (2/15)

Altars:

Annotations:
D:2 Natasha


Innate Abilities, Weirdness & Mutations

You are partially covered in molten scales. (AC +2)
You sometimes gain a little power by taking damage.
You are frail. (-10% HP)
You have hidden genetic potential.


Message History

Natasha casts a spell.
The adder barely misses you.
You sock the adder!
The adder is severely wounded.
You feel sick.
The adder bites you but does no damage. x2
Natasha casts a spell.
You hit the adder.
You kill the adder!
You feel sick.
Your Stealth skill increases to level 2!
You hit Natasha but do no damage.
You feel sick. Natasha claws you.
* * * LOW HITPOINT WARNING * * *
Natasha claws you.
* * * LOW HITPOINT WARNING * * *
You feel much better.
You feel sick.
Natasha howls an incantation.
Natasha shimmers violently.
Natasha barely misses you.
You hit Natasha.
Natasha is moderately wounded.
You feel sick.
You are no longer poisoned.
Natasha howls an incantation.
You feel troubled. Natasha misses you.
You hit Natasha.
Natasha is severely wounded.
Natasha claws you!
* * * LOW HITPOINT WARNING * * *
You hit Natasha but do no damage.
Natasha is severely wounded.
Natasha claws you!
* * * LOW HITPOINT WARNING * * *
You hit Natasha.
Natasha is almost dead.
Natasha mumbles some strange words.
Natasha glows brightly for a moment.
Natasha casts a spell at you. The magic dart hits you.
You die...

...................#
...........#.......#
..#........#h......#
.........h..........
...........###.#....
....................
.....##.####....###.
........####....#
.....#...@h5....#
#.... #.####5....+
##.###+#..........#
......(...###..#.?..#
##..#.....###..#.#...
#..#.......#....#....
#..#............. ...
#..#.............
##..#.............


You could see Natasha, a crimson imp (summoned) and a shadow imp (summoned).

Vanquished Creatures
  An adder (D:2)
  2 dart slugs (D:1)
  5 endoplasms
  4 giant cockroaches (D:1)
  A goblin (D:1)
  2 quokkas
  A ball python (D:1)
  3 bats
  A frilled lizard (D:2)
  2 kobolds (D:1)
  3 rats (D:1)
25 creatures vanquished.

Notes
Turn   | Place    | Note
-------+----------+-------------------------------------------
     0 | D:1      | Aksej the Demonspawn Monk began the quest for the Orb.
     0 | D:1      | Reached XP level 1. HP: 18/18 MP: 1/1
   158 | D:1      | Gained mutation: You sometimes gain a little power by
                  | taking damage. [demonic ancestry]
   158 | D:1      | Reached XP level 2. HP: 16/24 MP: 2/2
   272 | D:1      | Found a faded altar of an unknown god.
  1143 | D:1      | Gained mutation: You are frail. (-10% HP) [potion of
                  | mutation]
  1143 | D:1      | Gained mutation: You have hidden genetic potential. [potion
                  | of mutation]
  1223 | D:2      | Gained mutation: You are partially covered in molten
                  | scales. (AC +2) [demonic ancestry]
  1223 | D:2      | Reached XP level 3. HP: 22/26 MP: 3/3
  1369 | D:2      | Noticed Natasha
  1391 | D:2      | HP: 1/27 [Natasha (7)]
  1392 | D:2      | Killed from afar by Natasha

Illustrated notes

Levels and vault maps discovered:
D:1:      dpeg_arrival_another_circle, layout_loops_cross,
          shapermc_ecumenical_altar_mp_highgroup
D:2:      layout_basic, basic_altar, minmay_tripent, uniq_crazy_yiuf_cottage,
          uniq_natasha

Skill      XL: |  1  2  3 |
---------------+----------+-----
Maces & Flails | 3 |  3.1
Dodging        | 3 |  3.0
Stealth        | 2 |  2.0
Fighting       | |  3.7

Action                   || total
-------------------------++-------
Melee: Mace              ||    65
  Use: Scroll            ||     5
       Potion            ||     3
 Stab: Sleeping          ||     3
Armor: Robe              ||    10
Dodge: Dodged            ||    26

Table legend: (Time is in decaauts)
 A = Elapsed time spent in this place.
 B = Non-inter-level travel time spent in this place.
 C = Inter-level travel time spent in this place.
 D = Time resting spent in this place.
 E = Time spent auto-exploring this place.
 F = Levels seen in this place.
 G = Mean time per level.
                   A        B        C        D        E       F      G
               +--------+--------+--------+--------+--------+-----+--------+
         Total |   1408 |   1378 |     30 |      0 |   1186 |   2 |  704.0 |
       Dungeon |   1408 |   1378 |     30 |      0 |   1186 |   2 |  704.0 |
               +--------+--------+--------+--------+--------+-----+--------+

Top non-repeatable levels by time:
     D:1: 1186 daAuts
     D:2: 221 daAuts
